 Dungeon Crawl Stone Soup version 0.19-a0-1678-g8ce114c (webtiles) character file.

333944 Gorice the Shatterer (level 20, -18/182 HPs)
             Began as a Minotaur Venom Mage on Sept 20, 2016.
             Was the Champion of the Shining One.
             Demolished by an ironheart preserver
             ... wielding a +0 great mace
              (19 damage)
             ... on level 4 of the Vaults on Sept 24, 2016.
             The game lasted 04:57:54 (45209 turns).

Gorice the Shatterer (Minotaur Venom Mage)         Turns: 45209, Time: 04:57:54

Health: -18/182    AC: 37    Str: 18    XL:     20   Next: 93%
Magic:  28/28      EV: 17    Int: 17    God:    the Shining One [******]
Gold:   2143       SH:  0    Dex: 15    Spells: 2 memorised, 17 levels left

rFire  + . .     SeeInvis .     a - +3 great mace (crush)
rCold  x . .     Gourm    .     y - +4 chain mail of Hadjma {rElec Regen+ Int+5}
rNeg   + + +     Faith    .     (shield currently unavailable)
rPois  .         Spirit   .     x - +1 hat
rElec  +         Dismiss  .     L - +2 cloak
rCorr  .         Reflect  .     k - +1 pair of gloves
MR     +....     Harm     .     j - +1 pair of boots
Stlth  ..........               K - amulet of regeneration
                                M - ring of fire
                                C - ring of Robustness {AC+8}

@: marked, glowing
A: retaliatory headbutt, horns 2
a: Divine Shield, Cleansing Flame, Summon Divine Warrior, Brand Weapon With Holy
Wrath, Renounce Religion
}: 2/15 runes: serpentine, barnacled


You were on level 4 of the Vaults.
You worshipped the Shining One.
The Shining One was exalted by your worship.
You were not hungry.

You visited 7 branches of the dungeon, and saw 36 of its levels.
You also visited: Ice Cave and Wizlab.

You collected 4258 gold pieces.
You spent 2115 gold pieces at shops.

Inventory:

Hand Weapons
 a - a +3 great mace of crushing (weapon)
   (You took it off an ironheart preserver on level 1 of the Vaults)
 w - a +2 great mace of holy wrath
   (You took it off an ironheart preserver on level 1 of the Vaults)
Missiles
 s - 23 javelins of returning (quivered)
 Y - 3 throwing nets
Armour
 j - a +1 pair of boots (worn)
 k - a +1 pair of gloves (worn)
 x - a +1 hat (worn)
 y - the +4 chain mail of Hadjma (worn) {rElec Regen+ Int+5}
   (You found it on level 3 of the Lair of Beasts)

   It affects your intelligence (+5).
   It insulates you from electricity.
   It increases your rate of regeneration.
 L - a +2 cloak (worn)
Jewellery
 v - the ring of Yzium {rCorr MR+ Int+6}
   (You found it on level 6 of the Lair of Beasts)

   [ring of resist corrosion]

   It affects your intelligence (+6).
   It affects your resistance to hostile enchantments.
 C - the ring of Robustness (left hand) {AC+8}
   (You found it on level 2 of the Lair of Beasts)

   [ring of protection]

   It affects your AC (+8).
 D - the ring "Gaofuyty" {+Fly MR+}
   (You bought it in a shop on level 1 of the Snake Pit)

   [ring of protection from magic]

   It affects your resistance to hostile enchantments.
   It lets you fly.
 J - an uncursed ring of protection from cold
 K - an amulet of regeneration (around neck)
 M - a ring of fire (right hand)
 U - an uncursed ring of poison resistance
Wands
 d - a wand of disintegration (11/24)
 g - a wand of iceblast (5/15)
 h - a wand of slowing (34/48)
 u - a wand of heal wounds (6/9) {!d}
 B - a wand of digging (10/24)
 F - a wand of acid (11/15)
Scrolls
 c - 3 scrolls of summoning {!r}
 n - 2 scrolls of fear {!r}
 o - a scroll of silence {!r}
 p - 4 scrolls of magic mapping {!r}
 r - 6 scrolls of teleportation {!r}
 t - 11 scrolls of remove curse
 A - a scroll of blinking
 E - 9 scrolls of fog
 G - a scroll of enchant weapon
 Q - 3 scrolls of identify
Potions
 e - 5 potions of agility {!q}
 l - a potion of might {!q}
 z - 4 potions of haste {!q}
 O - 6 potions of curing
 P - 3 potions of resistance {!q}
 W - 2 potions of cancellation {!q}
Miscellaneous
 q - a box of beasts
 H - a sack of spiders
Comestibles
 b - 17 chunks of flesh
 f - a beef jerky
 i - 41 fruits
 m - 14 meat rations {!e}


   Skills:
 + Level 16.4 Fighting
 - Level 21.4 Maces & Flails
 - Level 10.4 Throwing
 * Level 18.5 Armour
 - Level 16.0 Dodging
 - Level 1.5 Stealth
 - Level 1.3 Spellcasting
 - Level 2.2 Charms
   Level 2.9 Poison Magic
 - Level 13.0 Invocations
 - Level 12.4 Evocations


You had 17 spell levels left.
You knew the following spells:

 Your Spells              Type           Power        Failure   Level  Hunger
M - Repel Missiles        Chrm/Air       #.....       93%         2    ###....
S - Swiftness             Chrm/Air       #.......     93%         2    ###....


Dungeon Overview and Level Annotations

Branches:
Dungeon (15/15)            Temple (1/1) D:4            Lair (6/6) D:10
 Shoals (4/4) Lair:3        Snake (4/4) Lair:4        Slime (0/5) Lair:6
    Orc (2/2) D:11            Elf (0/3) Orc:2        Vaults (4/5) D:13
  Crypt (0/3) Vaults:2     Depths (0/5) D:15

Altars:
Ashenzari
Cheibriados
Dithmenos
Elyvilon
Fedhas
Gozag
Hepliaklqana
Kikubaaqudgha
Makhleb
Nemelex Xobeh
Okawaru
Qazlal
Ru
Sif Muna
Trog
Uskayaw
Vehumet
Xom
Yredelemnul
Zin
The Shining One
Beogh
Jiyva

Shops:
D:7 *   D:11 *   D:14 ?%   Orc:1 %   Orc:2 [}(?*   Snake:1 }=}   Snake:3 :
Vaults:2 =   Vaults:3 (

Portals:
Pandemonium: Orc:2

Annotations:
D:9 Erolcha
Shoals:1 L4 pUX
Shoals:4 exclusion: Roxanne, Donald, Ilsuiw, Nikola, Roxanne
Snake:3 Bai Suzhen


Innate Abilities, Weirdness & Mutations

You reflexively headbutt those who attack you in melee.
You have a pair of horns on your head.


Message History

The two-headed ogre closely misses you.
The two-headed ogre hits you with a giant club.
Damage: 3 (max 28)
The deep elf knight blocks your attack.
The deep elf knight is moderately wounded.
The deep elf knight mumbles some strange words.
You bludgeon the deep elf knight!!
Your headbutt misses the deep elf knight.
The deep elf knight is heavily wounded.
The deep elf knight misses you. You furiously retaliate!
You headbutt the deep elf knight! The two-headed ogre barely misses you.
You furiously retaliate!
You headbutt the two-headed ogre. The two-headed ogre barely misses you.
The ironbrand convoker casts a spell at the two-headed ogre.
The two-headed ogre seems to grow stronger.
The deep elf knight hits you but does no damage.
You barely miss the deep elf knight.
Your headbutt misses the deep elf knight.
The deep elf knight is severely wounded.
The deep elf knight points at you and mumbles some strange words.
The stone arrow hits you!
Damage: 21 (max 28)
You bludgeon the deep elf knight!!
You kill the deep elf knight!
You hit the two-headed ogre.
The two-headed ogre is heavily wounded.
The two-headed ogre hits you with a giant spiked club!!
* * * LOW HITPOINT WARNING * * *
The two-headed ogre completely misses you.
Damage: 24 (max 28)
You bludgeon the two-headed ogre!!
You kill the two-headed ogre!
The deep elf archer blinks!
The ironbrand convoker points at the small abomination and mumbles some strange words.
The small abomination seems to grow stronger.
The ironbrand convoker gestures at something while chanting.
You sock the small abomination! You headbutt the small abomination!
The small abomination is heavily damaged.
You completely miss the small abomination.
You headbutt the small abomination!
The small abomination is heavily damaged.
The small abomination hits you!
* * * LOW HITPOINT WARNING * * *
Damage: 11 (max 28)
You sock the small abomination! You headbutt the small abomination.
The small abomination is severely damaged.
The small abomination hits you!!
* * * LOW HITPOINT WARNING * * *
The ironheart preserver hits you with a great mace!!
You die...

###(#######
#.e).......
#.e)Oe..... #
#.)###.###..#
#px##.#O##..#
#.O#p#.#.#..#
#.p.#e#.#..
#..#.#x#.#.
#..##.#@#
#..###p##
#........
#..........
############


You could see an ironheart preserver, a deep elf archer, an ironbrand convoker
and a small abomination.

Vanquished Creatures
  Sojobo (Vaults:4)
  A bone dragon (Vaults:2)
  Jorgrun (Shoals:3)
  A Hellbinder (WizLab)
  2 sphinxes (Vaults:4)
  2 tengu reavers (Vaults:4)
  5 greater nagas
  A fire giant (Vaults:4)
  An orc warlord (Vaults:4)
  A balrug (WizLab)
  A frost giant (Vaults:4)
  2 deep elf sorcerers
  6 vault wardens
  3 very ugly things (Vaults:2)
  15 ironheart preservers
  8 stone giants
  3 reapers (WizLab)
  3 entropy weavers
  5 deep elf demonologists
  2 deep elf annihilators
  4 ettins
  2 deep elf death magi
  4 merfolk javelineers
  8 yaktaur captains
  6 merfolk impalers
  9 ogre magi
  7 vault guards
  3 fire dragons
  3 ice dragons
  2 hell beasts (WizLab)
  3 hydras
  Harold (Lair:4)
  9 naga warriors
  5 catoblepae
  The ghost of ScarCow the Infuser, a journeyman DrCj of Sif Muna (D:11)
  A death knight (Vaults:4)
  A merfolk avatar (Shoals:3)
  4 merfolk aquamancers
  7 anacondas
  6 centaur warriors
  4 tengu warriors
  A satyr (shapeshifter) (Vaults:4)
  16 death yaks
  7 naga sharpshooters
  Urug (D:10)
  A deep troll shaman (Lair:6)
  4 shock serpents
  4 sun demons (WizLab)
  A hell knight (Vaults:1)
  7 orc high priests (Orc:2)
  4 deep elf knights
  A storm dragon zombie (D:15)
  A soul eater (WizLab)
  A fire crab (shapeshifter) (Vaults:1)
  5 salamander mystics
  10 sea snakes
  5 skeletal warriors (Vaults:1)
  3 shadow wraiths
  7 naga ritualists
  6 wizards
  An unseen horror (shapeshifter) (Vaults:3)
  A putrid demonspawn (Orc:2)
  5 unseen horrors
  2 flayed ghosts
  A glowing orange brain (Vaults:1)
  14 ironbrand convokers
  13 hill giants
  2 torturous demonspawn (Orc:2)
  A kraken simulacrum (Shoals:4)
  2 deep elf archers
  15 harpies
  A lindwurm (Lair:6)
  4 wolf spiders
  9 mana vipers
  7 orc sorcerers
  14 orc knights
  6 deep elf magi
  8 fauns
  4 cyclopes
  A necromancer (D:15)
  32 ugly things
  2 oklob plants (Shoals:2)
  9 salamanders
  A moth of wrath (shapeshifter) (Vaults:3)
  9 manticores
  10 elephants
  6 guardian serpents
  10 vault sentinels
  Maurice (Orc:1)
  A manticore (shapeshifter) (Vaults:1)
  7 sirens
  2 ice statues (IceCv)
  7 torpor snails
  31 black mambas
  A water nymph (Shoals:2)
  A rust devil (Orc:2)
  2 smoke demons (Orc:2)
  10 spiny frogs
  21 naga magi
  3 orange demons
  2 spriggan skeletons (D:15)
  A kobold demonologist (D:13)
  3 komodo dragons
  39 yaktaurs
  A rime drake (Lair:6)
  2 guardian mummies (D:15)
  5 freezing wraiths
  A hellwing (Orc:2)
  A tengu conjurer (D:14)
  5 trolls
  5 ice devils (IceCv)
  A merfolk (shapeshifter) (Vaults:3)
  3 red devils
  32 merfolk
  A polar bear (Lair:6)
  2 wind drakes
  19 two-headed ogres
  3 meliai (D:15)
  4 snapping turtles
  16 blink frogs
  A spriggan zombie (D:15)
  8 slime creatures
  4 dream sheep
  6 hippogriffs
  A centaur simulacrum (D:15)
  8 redbacks
  2 ynoxinuls (WizLab)
  13 water elementals
  A wraith (Vaults:4)
  4 wyverns
  3 basilisks
  Grum (D:9)
  42 yaks
  A hungry ghost (D:9)
  A hog (shapeshifter) (Vaults:3)
  A yaktaur simulacrum (Vaults:1)
  5 wargs
  3 mottled dragons
  69 nagas
  16 water moccasins
  5 porcupines
  A black bear (D:7)
  4 sky beasts
  53 orc warriors
  41 ogres
  9 ice beasts
  5 phantoms
  8 boggarts (Vaults:3)
  5 necrophages
  14 wolves
  24 centaurs
  11 crocodiles
  3 big kobolds
  23 bullfrogs
  2 gnoll sergeants
  A water moccasin zombie (D:12)
  3 wyvern skeletons
  5 scorpions
  15 killer bees
  16 wights
  2 howler monkeys
  5 electric eels
  3 centaur zombies
  6 crimson imps
  A bullfrog zombie (D:9)
  2 jellies
  A quasit (D:5)
  3 hounds
  An iron imp (WizLab)
  37 orc priests
  6 centaur skeletons
  A bullfrog skeleton (D:7)
  A gnoll shaman (D:6)
  9 iguanas
  Terence (D:1)
  28 orc wizards
  6 worker ants
  3 hound skeletons
  A hound zombie (D:7)
  2 worker ant zombies
  A howler monkey skeleton (D:5)
  10 adders
  24 gnolls
  57 river rats
  4 shadow imps
  8 white imps (IceCv)
  9 ufetubi (IceCv)
  4 oozes
  An adder zombie (D:9)
  2 worms
  5 dart slugs
  11 leopard geckos
  91 orcs
  6 giant cockroaches
  18 goblins
  16 hobgoblins
  16 jackals
  7 quokkas
  A ball python (D:2)
  6 bats (D:3)
  4 frilled lizards
  A jackal skeleton (D:5)
  2 jackal zombies
  21 kobolds
  2 leopard gecko zombies
  2 quokka zombies (D:5)
  7 rats
  3 plants
  2 tentacles
1560 creatures vanquished.

Vanquished Creatures (collateral kills)
  A cacodemon (WizLab)
  A cyclops (Vaults:1)
  A yaktaur (Vaults:1)
3 creatures vanquished.

Vanquished Creatures (others)
  2 krakens
  2 greater nagas (Snake:4)
  A reaper (IceCv)
  A merfolk impaler (Shoals:3)
  11 naga warriors
  A hydra (D:15)
  2 centaur warriors (D:13)
  3 anacondas
  A satyr (Shoals:2)
  2 merfolk aquamancers
  2 merfolk avatars
  A shock serpent (Snake:3)
  3 naga sharpshooters
  2 salamander mystics
  2 sea snakes
  A harpy (Shoals:1)
  A deep elf mage (D:14)
  2 ugly things
  5 manticores
  2 cyclopes
  3 salamanders
  A faun (Shoals:3)
  2 sirens (Shoals:3)
  A centaur zombie (D:13)
  2 naga magi
  2 guardian serpents (Snake:4)
  4 black mambas
  2 water nymphs
  3 ice devils (IceCv)
  10 merfolk
  A hippogriff (shapeshifter) (D:15)
  A snapping turtle (Shoals:4)
  A shadow (D:15)
  5 water elementals
  2 wargs
  A soldier ant (D:14)
  4 nagas
  A water moccasin (Snake:1)
  An orc warrior (D:15)
  A centaur (D:14)
  A killer bee (D:13)
  An orc wizard (D:11)
  2 adders (Snake:1)
  A white imp (IceCv)
  3 ufetubi (IceCv)
  2 orcs
  A ball python (Snake:1)
  7 fungi (Lair:6)
  27 plants
  10 tentacles
150 creatures vanquished.

Grand Total: 1713 creatures vanquished

Notes
Turn   | Place    | Note
-------+----------+-------------------------------------------
     0 | D:1      | Gorice the Minotaur Venom Mage began the quest for the Orb.
     0 | D:1      | Reached XP level 1. HP: 14/14 MP: 1/1
    57 | D:1      | Reached skill level 1 in Fighting
   169 | D:1      | Reached skill level 2 in Fighting
   190 | D:1      | Reached XP level 2. HP: 23/24 MP: 0/3
   772 | D:1      | Reached skill level 3 in Fighting
   832 | D:1      | Reached XP level 3. HP: 31/31 MP: 1/4
  1082 | D:2      | Reached skill level 1 in Maces & Flails
  1083 | D:2      | Found a shimmering altar of Xom.
  1109 | D:2      | Noticed Terence
  1280 | D:1      | Reached skill level 2 in Maces & Flails
  1476 | D:1      | Killed Terence
  1476 | D:1      | Reached skill level 3 in Maces & Flails
  1476 | D:1      | Reached XP level 4. HP: 24/38 MP: 3/5
  1814 | D:2      | Reached skill level 1 in Armour
  2091 | D:3      | Reached XP level 5. HP: 40/45 MP: 6/6
  2098 | D:3      | Reached skill level 4 in Maces & Flails
  2161 | D:3      | Noticed an ogre
  2176 | D:3      | Killed an ogre
  2176 | D:3      | Reached skill level 5 in Maces & Flails
  2176 | D:3      | Reached skill level 2 in Armour
  2578 | D:3      | Found a bloodstained altar of Trog.
  2806 | D:4      | Reached XP level 6. HP: 51/51 MP: 7/7
  2991 | D:4      | Found a staircase to the Ecumenical Temple.
  3003 | D:4      | Reached skill level 6 in Maces & Flails
  3003 | D:4      | Reached skill level 3 in Armour
  3036 | Temple   | Entered the Ecumenical Temple
  3222 | D:4      | Reached skill level 4 in Armour
  3222 | D:4      | Reached XP level 7. HP: 48/57 MP: 8/8
  3268 | D:5      | Entered Level 5 of the Dungeon
  3336 | D:5      | Reached skill level 7 in Maces & Flails
  3645 | D:5      | Upgraded the game from 0.19-a0-1653-g922d709 to 0.19-a0-1662-gb81896f
  3672 | D:5      | Reached skill level 8 in Maces & Flails
  3672 | D:5      | Reached skill level 5 in Armour
  3950 | D:5      | Reached XP level 8. HP: 63/63 MP: 9/9
  4023 | D:5      | Reached skill level 9 in Maces & Flails
  4403 | D:5      | Reached skill level 6 in Armour
  4943 | D:6      | Reached skill level 10 in Maces & Flails
  5536 | D:6      | Reached skill level 7 in Armour
  5695 | D:6      | Reached skill level 11 in Maces & Flails
  5748 | D:7      | Reached XP level 9. HP: 70/70 MP: 10/10
  5812 | D:7      | Found a sparkling altar of Nemelex Xobeh.
  5906 | D:7      | Found Ryosul's Assorted Antiques.
  5914 | D:7      | Bought a scroll of identify for 46 gold pieces
  5914 | D:7      | Bought a murky blue potion for 20 gold pieces
  6250 | D:7      | HP: 20/70 [orc warrior/hand axe (7)]
  6465 | D:7      | Reached skill level 8 in Armour
  6769 | D:5      | Found a stormy altar of Qazlal.
  6769 | D:5      | Found a glowing golden altar of the Shining One.
  6778 | D:5      | Became a worshipper of the Shining One
  6828 | D:7      | Reached skill level 12 in Maces & Flails
  7470 | D:8      | Found an opulent altar of Gozag.
  7553 | D:8      | Reached skill level 9 in Armour
  7737 | D:8      | Reached * piety under the Shining One
  7744 | D:8      | Reached skill level 13 in Maces & Flails
  7774 | D:8      | Found a blossoming altar of Fedhas.
  8023 | D:8      | Found a glowing silver altar of Zin.
  8076 | D:8      | Found an iron altar of Okawaru.
  8308 | D:9      | Reached XP level 10. HP: 76/76 MP: 11/11
  8520 | D:9      | Reached ** piety under the Shining One
  8550 | D:9      | HP: 21/76 [troll (6)]
  8551 | D:9      | HP: 2/76 [troll (9)]
  8556 | D:9      | HP: 3/76 [poisoned by a scorpion]
  8563 | D:9      | HP: 5/76 [poisoned by a scorpion]
  8571 | D:9      | HP: 8/76 [poisoned by a scorpion]
  8784 | D:9      | Reached skill level 14 in Maces & Flails
  8822 | D:9      | Noticed Erolcha
  8842 | D:10     | Entered Level 10 of the Dungeon
  8897 | D:10     | Noticed a hill giant
  8907 | D:10     | Killed a hill giant
  8907 | D:10     | Reached skill level 10 in Armour
  9283 | D:10     | Noticed an elephant
  9296 | D:10     | Reached skill level 15 in Maces & Flails
  9304 | D:10     | Found a staircase to the Lair.
  9339 | D:10     | Killed an elephant
  9346 | D:10     | Noticed a hill giant
  9358 | D:10     | Killed a hill giant
  9486 | D:10     | Noticed Urug
  9507 | D:10     | Killed Urug
  9507 | D:10     | Reached skill level 11 in Armour
  9507 | D:10     | Reached XP level 11. HP: 48/81 MP: 9/12
  9558 | D:10     | Noticed a hill giant
  9566 | D:10     | Killed a hill giant
  9812 | D:11     | Noticed a hill giant
  9819 | D:11     | Killed a hill giant
  9819 | D:11     | Reached skill level 16 in Maces & Flails
  9853 | D:11     | Noticed ScarCow's ghost (journeyman DrCj)
  9979 | D:11     | Noticed an unseen horror
  9998 | D:11     | Killed an unseen horror
  9998 | D:11     | Reached skill level 4 in Fighting
 10023 | D:11     | Noticed a hill giant
 10040 | D:11     | Killed a hill giant
 10154 | Lair:1   | Entered Level 1 of the Lair of Beasts
 10196 | Lair:1   | Reached skill level 5 in Fighting
 10261 | Lair:1   | Reached skill level 12 in Armour
 10531 | Lair:1   | Reached skill level 6 in Fighting
 10600 | Lair:1   | Reached *** piety under the Shining One
 10616 | Lair:1   | Upgraded the game from 0.19-a0-1662-gb81896f to 0.19-a0-1670-gc28a5d9
 11020 | Lair:2   | Reached skill level 7 in Fighting
 11200 | Lair:2   | Noticed an eight-headed hydra
 11211 | Lair:2   | Killed an eight-headed hydra
 11211 | Lair:2   | Reached skill level 8 in Fighting
 11211 | Lair:2   | Reached skill level 13 in Armour
 11643 | Lair:2   | --=oRobustness - sweet!
 11716 | Lair:2   | Reached XP level 12. HP: 102/102 MP: 13/13
 11824 | Lair:3   | Noticed a death yak
 11824 | Lair:3   | Noticed a death yak
 11824 | Lair:3   | Noticed a death yak
 11857 | Lair:2   | Killed a death yak
 11869 | Lair:2   | Killed a death yak
 11869 | Lair:2   | Reached skill level 9 in Fighting
 11934 | Lair:3   | Killed a death yak
 11968 | Lair:3   | Found a staircase to the Shoals.
 12157 | Lair:3   | Reached skill level 14 in Armour
 12325 | Lair:3   | Reached skill level 10 in Fighting
 12353 | Lair:3   | Got an ancient chain mail
 12364 | Lair:3   | Identified the +4 chain mail of Hadjma {rElec Regen+ Int+5} (You found it on level 3 of the Lair of Beasts)
 12364 | Lair:3   | --nice
 12728 | Lair:4   | Noticed Harold
 12739 | Lair:4   | Killed Harold
 12764 | Lair:4   | Reached skill level 11 in Fighting
 12771 | Lair:4   | Noticed a six-headed hydra
 12778 | Lair:4   | Killed a six-headed hydra
 12817 | Lair:4   | You fall through a shaft!
 12900 | Lair:4   | Reached skill level 15 in Armour
 12917 | Lair:4   | Noticed a catoblepas
 12983 | Lair:4   | Killed a catoblepas
 13060 | Lair:4   | Noticed a death yak
 13076 | Lair:4   | Noticed a death yak
 13077 | Lair:4   | Killed a death yak
 13099 | Lair:3   | Killed a death yak
 13148 | Lair:3   | Reached skill level 12 in Fighting
 13158 | Lair:4   | Reached XP level 13. HP: 93/117 MP: 14/14
 13482 | Lair:4   | Reached skill level 16 in Armour
 13561 | Lair:4   | Reached skill level 1 in Invocations
 13601 | Lair:4   | Found a staircase to the Snake Pit.
 13696 | Lair:4   | Reached skill level 13 in Fighting
 13697 | Lair:4   | Found a snail-covered altar of Cheibriados.
 13728 | Lair:4   | Reached **** piety under the Shining One
 13736 | Lair:4   | Reached skill level 2 in Invocations
 13920 | Lair:5   | Got a smoking ring mail
 14165 | Lair:5   | Reached skill level 3 in Invocations
 14417 | Lair:5   | Identified a +4 rod of clouds (9/9) (You found it on level 5 of the Lair of Beasts)
 14737 | Lair:5   | Identified the +2 ring mail "Geinwi Haho" {+Fly Str+7 Dex-3} (You found it on level 5 of the Lair of Beasts)
 15043 | Lair:6   | Entered Level 6 of the Lair of Beasts
 15055 | Lair:6   | Reached skill level 4 in Invocations
 15215 | Lair:6   | Reached skill level 5 in Invocations
 15275 | Lair:5   | Reached skill level 14 in Fighting
 15275 | Lair:5   | Reached skill level 3 in Dodging
 15447 | Lair:6   | Found a staircase to the Slime Pits.
 15448 | Lair:6   | Found a viscous altar of Jiyva.
 15599 | Lair:6   | Reached skill level 4 in Dodging
 15709 | Lair:6   | Reached skill level 5 in Dodging
 15709 | Lair:6   | Reached XP level 14. HP: 95/132 MP: 16/16
 16045 | Lair:6   | Got a warped turquoise ring
 16074 | Lair:6   | Identified the ring of Yzium {rCorr MR+ Int+6} (You found it on level 6 of the Lair of Beasts)
 16439 | D:9      | Reached skill level 6 in Dodging
 16447 | D:9      | Reached skill level 15 in Fighting
 16561 | D:9      | Noticed Grum
 16574 | D:9      | Killed Grum
 16574 | D:9      | Reached skill level 1 in Throwing
 16954 | D:11     | Reached skill level 2 in Throwing
 17015 | D:11     | Found Pyodoz's Assorted Antiques.
 17017 | D:11     | Bought an amethyst potion for 26 gold pieces
 17078 | D:11     | Upgraded the game from 0.19-a0-1670-gc28a5d9 to 0.19-a0-1676-g39ae8cc
 17157 | D:11     | Killed ScarCow's ghost
 17157 | D:11     | Reached skill level 7 in Dodging
 17248 | D:11     | Reached skill level 3 in Throwing
 17611 | D:11     | Found a staircase to the Orcish Mines.
 17737 | Orc:1    | Entered Level 1 of the Orcish Mines
 17737 | Orc:1    | Found a burning altar of Makhleb.
 17845 | Orc:1    | HP: 34/134 [ettin/dire flail (33)]
 17847 | Orc:1    | Reached skill level 4 in Throwing
 18114 | Orc:2    | Entered Level 2 of the Orcish Mines
 18114 | Orc:2    | Found a staircase to the Elven Halls.
 18342 | Orc:1    | Found Ubbetyda's Food Shoppe.
 18342 | Orc:1    | Noticed Maurice
 18348 | Orc:1    | Reached ***** piety under the Shining One
 18361 | Orc:1    | Reached skill level 8 in Dodging
 18466 | Orc:1    | You fall through a shaft!
 18495 | Orc:1    | Found a roughly hewn altar of Beogh.
 18639 | Orc:1    | Killed Maurice
 18714 | Orc:2    | Found Viahi's Antique Weapon Boutique.
 18717 | Orc:2    | Reached skill level 5 in Throwing
 19143 | Orc:2    | Found Jysha's General Store.
 19157 | Orc:2    | Found Qozuptan's Magic Scroll Boutique.
 19276 | Orc:2    | Bought a scroll of identify for 26 gold pieces
 19421 | Orc:2    | Reached skill level 6 in Throwing
 19421 | Orc:2    | Reached skill level 9 in Dodging
 19773 | Orc:2    | Reached skill level 7 in Throwing
 19852 | Orc:2    | Reached skill level 10 in Dodging
 19872 | Orc:2    | Found Oxynann's Gadget Emporium.
 19872 | Orc:2    | Found a one-way gate leading to the halls of Pandemonium.
 19872 | Orc:2    | Found Kokhlenum's Antique Armour Shoppe.
 19886 | Orc:2    | Bought a wand of teleportation (3/9) for 210 gold pieces
 19926 | Orc:2    | Bought a steaming whip for 210 gold pieces
 19926 | Orc:2    | Identified the +10 whip of the Depths {distort, rC+ MR+} (You bought it in a shop on level 2 of the Orcish Mines)
 20187 | D:12     | Reached ****** piety under the Shining One
 20190 | D:12     | Reached XP level 15. HP: 140/140 MP: 17/17
 20827 | D:13     | Reached skill level 8 in Throwing
 21190 | D:13     | Found a gate to the Vaults.
 21746 | D:13     | Reached skill level 11 in Dodging
 22016 | D:14     | Found a frozen archway.
 22033 | D:14     | Reached skill level 9 in Throwing
 22103 | IceCv    | Entered an ice cave
 22517 | D:14     | Found Rerev's Magic Scroll Boutique.
 22522 | D:14     | Bought a scroll of identify for 30 gold pieces
 22522 | D:14     | Bought a scroll of identify for 30 gold pieces
 22622 | D:14     | Found Ohifeax's Food Emporium.
 23035 | D:15     | Entered Level 15 of the Dungeon
 23276 | D:15     | Found a staircase to the Depths.
 23306 | D:15     | Reached skill level 12 in Dodging
 23354 | D:15     | Reached skill level 10 in Throwing
 24173 | Snake:1  | Entered Level 1 of the Snake Pit
 24328 | Snake:1  | Reached skill level 6 in Invocations
 24447 | Snake:1  | Reached skill level 13 in Dodging
 24757 | Snake:1  | Reached XP level 16. HP: 127/149 MP: 19/19
 25082 | Snake:1  | Reached skill level 7 in Invocations
 25113 | Snake:1  | Found Bionwen's Gadget Shop.
 25115 | Snake:1  | Found Plog's Jewellery Shoppe.
 25116 | Snake:1  | Found Jaadghoso's Gadget Shop.
 25131 | Snake:1  | Bought a wand of heal wounds (5/9) for 972 gold pieces
 25511 | Snake:2  | Found a sparkling altar of Nemelex Xobeh.
 26262 | Snake:2  | Reached skill level 8 in Invocations
 26483 | Snake:2  | Reached skill level 14 in Dodging
 27165 | Snake:3  | Reached skill level 9 in Invocations
 27499 | Snake:3  | Noticed Bai Suzhen
 27890 | Snake:3  | Found Onni's Book Shop.
 28050 | Snake:4  | Entered Level 4 of the Snake Pit
 28361 | Snake:4  | Reached skill level 10 in Invocations
 28561 | Snake:4  | Got a warped flail
 28695 | Snake:4  | Reached skill level 15 in Dodging
 29772 | Snake:4  | Reached XP level 17. HP: 156/156 MP: 24/24
 29833 | Snake:4  | Reached skill level 11 in Invocations
 30214 | Snake:3  | Reached skill level 16 in Dodging
 30216 | Snake:3  | Upgraded the game from 0.19-a0-1676-g39ae8cc to 0.19-a0-1678-g8ce114c
 30351 | Snake:3  | Reached skill level 1 in Evocations
 30509 | Snake:4  | Reached skill level 2 in Evocations
 30693 | Snake:4  | Reached skill level 3 in Evocations
 30820 | Snake:3  | Reached skill level 12 in Invocations
 30876 | Snake:3  | Reached skill level 4 in Evocations
 31042 | Snake:4  | Got a serpentine rune of Zot
 31515 | Snake:1  | Bought the ring "Gaofuyty" {+Fly MR+} for 545 gold pieces
 31621 | Shoals:1 | Entered Level 1 of the Shoals
 31697 | Shoals:1 | Reached skill level 5 in Evocations
 32158 | Shoals:1 | Learned a level 2 spell: Repel Missiles
 32161 | Shoals:1 | Learned a level 2 spell: Swiftness
 32217 | Shoals:1 | Reached skill level 6 in Evocations
 32741 | Shoals:2 | Reached skill level 13 in Invocations
 32832 | Shoals:2 | Noticed a kraken
 32845 | Shoals:2 | Banished a kraken
 32910 | Shoals:2 | Reached skill level 1 in Charms
 33159 | Shoals:2 | Reached skill level 7 in Evocations
 33324 | Shoals:2 | Reached XP level 18. HP: 163/163 MP: 26/26
 33333 | Shoals:2 | Reached skill level 2 in Charms
 33689 | Lair:3   | Gained mutation: Your spells are a little harder to cast, but a little more powerful. [potion of beneficial mutation]
 34140 | Shoals:3 | Reached skill level 8 in Evocations
 34740 | Shoals:4 | Entered Level 4 of the Shoals
 34798 | Shoals:4 | Noticed Donald
 34810 | Shoals:3 | HP: 28/163 [merfolk aquamancer/great wave of water (37)]
 34815 | Shoals:3 | HP: 32/163 [poisoned by a sea snake]
 34815 | Shoals:3 | HP: 11/163 [merfolk aquamancer/great wave of water (21)]
 34823 | Shoals:3 | HP: 39/163 [poisoned by a sea snake]
 34831 | Shoals:3 | HP: 46/163 [poisoned by a sea snake]
 34943 | Shoals:4 | Noticed Roxanne
 35002 | Shoals:4 | Noticed Mara
 35005 | Shoals:4 | Noticed Gorice's illusion
 35093 | Shoals:4 | Noticed Jorgrun
 35103 | Shoals:4 | Reached skill level 9 in Evocations
 35118 | Shoals:3 | Noticed Gorice's illusion
 35126 | Shoals:3 | Killed Jorgrun
 35134 | Shoals:3 | HP: 44/163 [barbs]
 35251 | Shoals:3 | HP: 38/163 [Mara/bolt of fire (20)]
 35490 | Shoals:3 | Noticed Gorice's illusion
 35615 | Shoals:3 | Noticed Gorice's illusion
 36067 | Shoals:4 | Reached skill level 10 in Evocations
 36288 | Shoals:4 | Got a barnacled rune of Zot
 36314 | Shoals:4 | Noticed Nikola
 36331 | Shoals:4 | Noticed Ilsuiw
 36361 | Shoals:4 | HP: 41/163 [merfolk/trident (12)]
 36369 | Shoals:4 | HP: 47/163 [merfolk impaler/trident of venom (6)]
 36370 | Shoals:4 | HP: 19/163 [drowned by a drowned soul[a merfolk avatar] (16)]
 36376 | Shoals:4 | HP: 36/163 [poisoned by a merfolk impaler]
 36382 | Shoals:4 | HP: 38/163 [poisoned by a merfolk impaler]
 36388 | Shoals:4 | HP: 42/163 [poisoned by a merfolk impaler]
 36395 | Shoals:4 | HP: 48/163 [poisoned by a merfolk impaler]
 36562 | Shoals:4 | Found Latiatell's General Store.
 36580 | Shoals:4 | HP: 17/163 [water nymph/the raging water (38)]
 36586 | Shoals:4 | HP: 26/163 [poisoned by a merfolk impaler]
 36592 | Shoals:4 | HP: 22/163 [merfolk aquamancer/great wave of water (20)]
 36606 | Shoals:4 | HP: 33/163 [merfolk aquamancer/great wave of water (21)]
 36611 | Shoals:4 | HP: 33/163 [poisoned by Donald]
 36618 | Shoals:3 | HP: 36/163 [poisoned by Donald]
 36623 | Shoals:3 | HP: 40/163 [poisoned by Donald]
 36630 | Shoals:3 | HP: 46/163 [poisoned by Donald]
 36861 | Lair:1   | --OK that whip of distortion was getting just too annoying
 36861 | Lair:1   | --couldn't actually finish killing anyone!
 36974 | Vaults:1 | Entered Level 1 of the Vaults
 37040 | Vaults:1 | Reached skill level 11 in Evocations
 37338 | Vaults:1 | HP: 42/163 [vault warden/uncursed dire flail (18)]
 37343 | Vaults:1 | HP: 32/163 [vault warden/uncursed dire flail (1)]
 37344 | Vaults:1 | HP: 14/163 [vault warden/uncursed dire flail (18)]
 37716 | Vaults:1 | Reached skill level 12 in Evocations
 38072 | Vaults:1 | Reached XP level 19. HP: 156/170 MP: 27/27
 38376 | Vaults:1 | Reached skill level 17 in Maces & Flails
 38709 | Vaults:1 | Noticed a Tzitzimitl
 38715 | Vaults:1 | HP: 7/170 [Tzitzimitl/bolt of cold[an ironheart preserver] (50)]
 38737 | Vaults:1 | HP: 29/170 [Executioner[an ironheart preserver] (7)]
 38975 | Lair:1   | Identified a +1 rod of clouds (9/9) (You found it in an ice cave)
 38984 | Lair:1   | Identified the +4 flail of the Hidden Vale {elec, Stlth+} (You found it on level 4 of the Snake Pit)
 39356 | Vaults:2 | Found a magical portal.
 39365 | WizLab   | Entered The Hall of the Hellbinder
 39499 | WizLab   | Reached skill level 18 in Maces & Flails
 39513 | WizLab   | HP: 50/170 [poisoned by a reaper]
 39518 | WizLab   | HP: 34/170 [poisoned by a reaper]
 39523 | WizLab   | HP: 26/170 [poisoned by a reaper]
 39637 | WizLab   | HP: 39/170 [balrug/fireball (18)]
 39655 | WizLab   | HP: 50/170 [disintegration (28)]
 40083 | WizLab   | Noticed Bogoomeh
 40095 | WizLab   | Found a burning altar of Makhleb.
 40110 | WizLab   | Killed Bogoomeh the Hellbinder
 40127 | WizLab   | Identified the Collected Works on the Entourage
 40154 | WizLab   | Identified the Reference Book on Summoning
 40156 | WizLab   | Identified the Compendium of Fire
 40615 | Vaults:1 | Reached skill level 19 in Maces & Flails
 40722 | Vaults:2 | HP: 37/170 [enormous slime creature (65)]
 40729 | Vaults:2 | HP: 40/170 [poisoned by a wizard]
 40736 | Vaults:2 | HP: 26/170 [poisoned by a wizard]
 40744 | Vaults:1 | HP: 34/170 [poisoned by a wizard]
 41233 | Vaults:2 | Found Yghuaxer's Jewellery Boutique.
 41830 | Vaults:2 | Noticed a bone dragon
 41839 | Vaults:2 | Killed a bone dragon
 41840 | Vaults:2 | Found a staircase to the Crypt.
 42108 | Vaults:1 | Reached skill level 20 in Maces & Flails
 42365 | Vaults:3 | Found Fuoniho's Weapon Emporium.
 43070 | Vaults:3 | Reached XP level 20. HP: 172/178 MP: 28/28
 43281 | Vaults:3 | Reached skill level 21 in Maces & Flails
 43355 | Vaults:3 | Lost mutation: Your spells are a little harder to cast, but a little more powerful. [a Zot trap]
 44241 | Vaults:4 | Reached skill level 17 in Armour
 44315 | Vaults:4 | Noticed Sojobo
 44344 | Vaults:4 | Killed Sojobo
 44421 | Vaults:4 | Reached skill level 16 in Fighting
 44460 | Vaults:4 | HP: 54/180 [poisoned by a redback]
 44465 | Vaults:4 | HP: 49/180 [poisoned by a redback]
 44470 | Vaults:4 | HP: 44/180 [poisoned by a redback]
 44475 | Vaults:4 | HP: 44/180 [poisoned by a redback]
 44480 | Vaults:4 | HP: 45/180 [poisoned by a redback]
 44485 | Vaults:4 | HP: 48/180 [poisoned by a redback]
 44492 | Vaults:4 | HP: 53/180 [poisoned by a redback]
 44705 | Vaults:4 | Reached skill level 18 in Armour
 45204 | Vaults:4 | HP: 32/182 [two-headed ogre/giant spiked club[an ironheart preserver] (24)]
 45209 | Vaults:4 | HP: 1/182 [small abomination[an ironheart preserver] (24)]
 45209 | Vaults:4 | Demolished by an ironheart preserver

Vault maps used:
D:1:      saegor_arrival_simple_a
D:2:      brannock_xom_greatest_gift, first_bread, minmay_misc_feat_x,
          uniq_terence
D:3:      trog_book
D:4:      serial_park_tiny_1
D:5:      nicolae_overflow_hidden_temple, serial_undead, serial_undead_f,
          serial_undead_a, serial_undead_a, serial_undead_e
D:7:      corexii_shantytown, nemelex_xobeh_ov_fountains_minmay, serial_shops,
          shop_statue
D:8:      nicolae_overflow_crystal_walls, lemuel_doored_altar, basic_altar,
          fedhas_altar_1
D:9:      hangedman_abyss_or_decor_stagger, blue_anna_alchemist, uniq_grum,
          uniq_erolcha
D:10:     david_lair_generic, uniq_urug
D:11:     erik_orc_2, serial_shops, nicolae_shop_trees
D:12:     minivault_19, nicolae_underground_beach
D:13:     david_vaults_5, minivault_1
D:14:     portal_ice_cave_entry_ice_beasts, serial_shops,
          nicolae_shop_behind_doors, shop
D:15:     gammafunk_depths_entry_grave, minmay_misc_feat_alley
Temple:   nicolae_temple_no_exploring_needed
Lair:1:   grunt_megastairs_2
Lair:3:   minmay_shoals_entry_centaurs, cheibrodos_lair_reptile_den,
          infiniplex_staircase_pool_2
Lair:4:   minmay_snake_entry_guardpost_medium, nicolae_quartered_pool_super,
          kennysheep_snail_temple, uniq_harold
Lair:5:   grunt_megastairs_4
Lair:6:   grunt_lair_end_beastmaster, slime_altar_1
Shoals:1: nicolae_shoals_arrival_archipelago
Shoals:2: nicolae_shoals_this_corrosion
Shoals:4: shoals_end_grunt_ice, shoals_ilsuiw_alternative, serial_shops,
          nicolae_shop_crystal, uniq_jorgrun, uniq_mara, uniq_donald,
          uniq_roxanne, uniq_nikola
Snake:1:  st_stairs_7, minmay_snake_pond, grunt_megastairs_3, minmay_shop_grove
Snake:2:  basic_altar, st_stairs_2
Snake:3:  serial_shops, shop, st_stairs_6, grunt_ministairs_15, uniq_bai_suzhen
Snake:4:  johnstein_snake_rune_scales, serial_bayou_shore_b
Orc:1:    serial_shops, shop, basic_altar, nicolae_orc_lost_temple, uniq_maurice
Orc:2:    pf_orc_diabolical, serial_shops, nicolae_shop_trees
Vaults:1: st_cells, vaults_room_semicircle, nicolae_vaults_network_barrier,
          vaults_mumra_chevron_long, nicolae_vaults_alarming, v_misc_18,
          vaults_room_semicircle, v_misc_22, v_misc_22,
          vaults_room_grunt_arrival_ludios, nicolae_vaults_mini_display_case,
          hangedman_vaults_trim, nicolae_vaults_little_squares_2,
          grunt_vaults_hallway_short
Vaults:2: minmay_crypt_entry_nasty_monster, vaults_mumra_chevron,
          nicolae_vaults_hallways_thing, v_misc_23, ontoclasm_vaults_gallery,
          v_pattern_2, v_misc_28, hangedman_vaults_trim, serial_shops, shop,
          infiniplex_enter_wizlab_spiral
Vaults:3: v_misc_10, hangedman_vaults_nodes, hangedman_vaults_cutoff,
          grunt_vaults_swirl, v_misc_5, ontoclasm_vaults_bender, v_misc_18,
          v_misc_8, vaults_room_door_ring, nicolae_vaults_circle_grid_b,
          vaults_room_hallway, vaults_dpeg_ring, vaults_room_hallway,
          serial_shops, shop
Vaults:4: v_pattern_1, vaults_room_semicircle, v_rooms_3,
          nicolae_vaults_c_with_doors, vaults_dpeg_hooks, v_misc_17, v_misc_5,
          ontoclasm_vaults_chip, nicolae_vaults_yaktaur_gun_rack,
          vaults_room_corners, uniq_sojobo
IceCv:    ice_cave_small_demon
WizLab:   wizlab_demon

Skill      XL: |  1  2  3  4  5  6  7  8  9 10 11 12 13 14 15 16 17 18 19 20 |
---------------+-------------------------------------------------------------+-----
Fighting       | 2 3 8 12 14 15 16 | 16.4
Maces & Flails | 3 5 6 8 11 13 15 16 20 21 | 21.4
Armour         | 1 2 4 5 7 9 11 13 15 16 18 | 18.5
Invocations    | 5 6 10 13 | 13.0
Dodging        | 5 10 13 15 16 | 16.0
Throwing       | 7 10 | 10.4
Evocations     | 7 12 | 12.4
Charms         | 1 2 |  2.2
Stealth        | |  1.5
Spellcasting   | |  1.3
Poison Magic   | |  2.9

Action                   |  1- 3 |  4- 6 |  7- 9 | 10-12 | 13-15 | 16-18 | 19-21 || total
-------------------------+-------+-------+-------+-------+-------+-------+-------++-------
Melee: Unarmed           |    46 |       |       |       |       |       |       ||    46
       Headbutt          |    11 |    20 |    60 |   126 |   348 |   506 |   298 ||  1369
       Flail             |    34 |   141 |   374 |    18 |       |       |       ||   567
       Morningstar       |       |       |    96 |   700 |   992 |   257 |       ||  2045
       Whip              |       |       |       |       |   728 |  2030 |       ||  2758
       Great mace        |       |       |       |       |       |   110 |  1213 ||  1323
Throw: Tomahawk          |       |    10 |    23 |    25 |    13 |    13 |       ||    84
       Stone             |       |       |     1 |       |       |       |       ||     1
       Javelin           |       |       |       |    11 |       |    24 |     6 ||    41
       Throwing net      |       |       |       |       |       |     1 |       ||     1
 Cast: Sting             |    36 |       |       |       |       |       |       ||    36
Invok: Divine Shield     |       |       |       |     6 |     1 |       |       ||     7
       Summon Divine War |       |       |       |       |       |     3 |     1 ||     4
 Abil: Evoke Flight      |       |       |       |       |       |    27 |       ||    27
Evoke: Wand              |       |       |       |     1 |     9 |     2 |     1 ||    13
  Use: Scroll            |     3 |     5 |     8 |     8 |    16 |    15 |     5 ||    60
       Potion            |       |     1 |       |     1 |     1 |     9 |     2 ||    14
 Stab: Petrified         |       |       |       |       |    13 |       |       ||    13
       Petrifying        |       |       |       |       |     4 |       |       ||     4
  Eat: Chunk             |     3 |     6 |    17 |    18 |    36 |    37 |    20 ||   137
       Pizza             |       |       |       |       |     1 |     1 |       ||     2
       Beef jerky        |       |       |       |       |       |     1 |       ||     1
       Bread ration      |       |       |       |       |       |     1 |       ||     1
       Meat ration       |       |       |       |       |       |     1 |     1 ||     2
Armor: Robe              |    31 |       |       |       |       |       |       ||    31
       Plate armour      |       |   129 |   286 |   377 |       |       |       ||   792
       Skin              |       |     1 |       |       |       |       |       ||     1
       Chain mail        |       |       |       |    66 |   850 |  1292 |   556 ||  2764
Dodge: Dodged            |    65 |    33 |    91 |   201 |   644 |  1465 |   640 ||  3139
Block: Other             |       |       |       |    14 |     3 |    23 |       ||    40
       Reflection        |       |       |       |       |       |     6 |       ||     6

Table legend:
 A = Turns spent in this place as a percentage of turns spent in the entire game.
 B = Non-inter-level travel turns spent in this place as a percentage of non-inter-level travel turns spent in the entire game.
 C = Inter-level travel turns spent in this place as a percentage of turns spent in this place.
 D = Turns resting spent in this place as a percentage of non-inter-level travel turns spent in this place.
 E = Turns spent auto-exploring this place as a percentage of non-inter-level travel turns spent in this place.
 F = Non-inter-level travel turns spent in this place divided by the number of levels of this place that you've seen.
                   A       B       C       D       E      F
               +-------+-------+-------+-------+-------+----------------------
         Total | 100.0 | 100.0 |   0.5 |   2.1 |   3.6 | 602.1
       Dungeon |  29.4 |  29.4 |   0.5 |   1.9 |   5.1 | 447.9
        Temple |   0.0 |   0.0 |   0.0 |   0.0 |   0.0 |   5.0
          Lair |  12.7 |  12.6 |   1.1 |   1.9 |   5.4 | 482.2
        Shoals |  14.0 |  14.0 |   0.5 |   2.2 |   1.9 | 803.0
     Snake Pit |  16.4 |  16.4 |   0.4 |   2.9 |   4.4 | 937.5
  Orcish Mines |   6.4 |   6.4 |   0.8 |   3.2 |   0.8 | 727.5
        Vaults |  16.8 |  16.9 |   0.3 |   1.7 |   2.3 | 964.8
      Ice Cave |   1.5 |   1.5 |   0.0 |   0.0 |   0.6 | 344.0
        Wizlab |   2.8 |   2.8 |   0.0 |   1.7 |   0.3 | 643.0
               +-------+-------+-------+-------+-------+----------------------

Vault maps used:
D:1:      saegor_arrival_simple_a
D:2:      brannock_xom_greatest_gift, first_bread, minmay_misc_feat_x,
          uniq_terence
D:3:      trog_book
D:4:      serial_park_tiny_1
D:5:      nicolae_overflow_hidden_temple, serial_undead, serial_undead_f,
          serial_undead_a, serial_undead_a, serial_undead_e
D:7:      corexii_shantytown, nemelex_xobeh_ov_fountains_minmay, serial_shops,
          shop_statue
D:8:      nicolae_overflow_crystal_walls, lemuel_doored_altar, basic_altar,
          fedhas_altar_1
D:9:      hangedman_abyss_or_decor_stagger, blue_anna_alchemist, uniq_grum,
          uniq_erolcha
D:10:     david_lair_generic, uniq_urug
D:11:     erik_orc_2, serial_shops, nicolae_shop_trees
D:12:     minivault_19, nicolae_underground_beach
D:13:     david_vaults_5, minivault_1
D:14:     portal_ice_cave_entry_ice_beasts, serial_shops,
          nicolae_shop_behind_doors, shop
D:15:     gammafunk_depths_entry_grave, minmay_misc_feat_alley
Temple:   nicolae_temple_no_exploring_needed
Lair:1:   grunt_megastairs_2
Lair:3:   minmay_shoals_entry_centaurs, cheibrodos_lair_reptile_den,
          infiniplex_staircase_pool_2
Lair:4:   minmay_snake_entry_guardpost_medium, nicolae_quartered_pool_super,
          kennysheep_snail_temple, uniq_harold
Lair:5:   grunt_megastairs_4
Lair:6:   grunt_lair_end_beastmaster, slime_altar_1
Shoals:1: nicolae_shoals_arrival_archipelago
Shoals:2: nicolae_shoals_this_corrosion
Shoals:4: shoals_end_grunt_ice, shoals_ilsuiw_alternative, serial_shops,
          nicolae_shop_crystal, uniq_jorgrun, uniq_mara, uniq_donald,
          uniq_roxanne, uniq_nikola
Snake:1:  st_stairs_7, minmay_snake_pond, grunt_megastairs_3, minmay_shop_grove
Snake:2:  basic_altar, st_stairs_2
Snake:3:  serial_shops, shop, st_stairs_6, grunt_ministairs_15, uniq_bai_suzhen
Snake:4:  johnstein_snake_rune_scales, serial_bayou_shore_b
Orc:1:    serial_shops, shop, basic_altar, nicolae_orc_lost_temple, uniq_maurice
Orc:2:    pf_orc_diabolical, serial_shops, nicolae_shop_trees
Vaults:1: st_cells, vaults_room_semicircle, nicolae_vaults_network_barrier,
          vaults_mumra_chevron_long, nicolae_vaults_alarming, v_misc_18,
          vaults_room_semicircle, v_misc_22, v_misc_22,
          vaults_room_grunt_arrival_ludios, nicolae_vaults_mini_display_case,
          hangedman_vaults_trim, nicolae_vaults_little_squares_2,
          grunt_vaults_hallway_short
Vaults:2: minmay_crypt_entry_nasty_monster, vaults_mumra_chevron,
          nicolae_vaults_hallways_thing, v_misc_23, ontoclasm_vaults_gallery,
          v_pattern_2, v_misc_28, hangedman_vaults_trim, serial_shops, shop,
          infiniplex_enter_wizlab_spiral
Vaults:3: v_misc_10, hangedman_vaults_nodes, hangedman_vaults_cutoff,
          grunt_vaults_swirl, v_misc_5, ontoclasm_vaults_bender, v_misc_18,
          v_misc_8, vaults_room_door_ring, nicolae_vaults_circle_grid_b,
          vaults_room_hallway, vaults_dpeg_ring, vaults_room_hallway,
          serial_shops, shop
Vaults:4: v_pattern_1, vaults_room_semicircle, v_rooms_3,
          nicolae_vaults_c_with_doors, vaults_dpeg_hooks, v_misc_17, v_misc_5,
          ontoclasm_vaults_chip, nicolae_vaults_yaktaur_gun_rack,
          vaults_room_corners, uniq_sojobo
IceCv:    ice_cave_small_demon
WizLab:   wizlab_demon
